 Dungeon Crawl Stone Soup version 0.18-a0-1545-g9c1b95f (webtiles) character file.

11 Sixotanaka the Chiller (level 2, 0/17 HPs)
             Began as an Octopode Ice Elementalist on Mar 10, 2016.
             Slain by a giant gecko (3 damage)
             ... on level 1 of the Dungeon.
             The game lasted 00:00:49 (336 turns).

Sixotanaka the Chiller (Octopode Ice Elementalist)   Turns: 336, Time: 00:00:49

Health: 0/17       AC:  1    Str:  7    XL:     2   Next: 25%
Magic:  0/5        EV: 12    Int: 17    God:
Gold:   77         SH:  0    Dex: 12    Spells: 1 memorised, 4 levels left

rFire  . . .     SeeInvis .     d - +0 whip
rCold  . . .     Gourm    .     (no shield)
rNeg   . . .     Faith    .     (helmet restricted)
rPois  .         Spirit   .     (no amulet)
rElec  .         Dismiss  .     (no ring)
rCorr  .         Reflect  .     (no ring)
SustAt .         Harm     .     (no ring)
MR     .....                    (no ring)
Stlth  +++.......               (no ring)
                                (no ring)
                                (no ring)
                                (no ring)

@: not resistant to hostile enchantments, fairly stealthy
A: almost no armour, amphibious, 8 rings, constrict 8, camouflage 1, gelatinous
body 1
a: no special abilities


You were on level 1 of the Dungeon.
You were not hungry.

You visited 1 branch of the dungeon, and saw 1 of its levels.

You collected 77 gold pieces.


Innate Abilities, Weirdness & Mutations

You cannot wear most types of armour.
You are amphibious.
You can wear up to eight rings at the same time.
You can use your tentacles to constrict eight enemies at once.
Your skin changes colour to match your surroundings (Stealth).
Your rubbery body absorbs attacks (AC +1).


   Skills:
 - Level 2.0 Dodging
 - Level 2.6 Stealth
 - Level 2.0 Spellcasting
   Level 1.0 Conjurations
 + Level 3.6 Ice Magic


You had 4 spell levels left.
You knew the following spells:

 Your Spells              Type           Power        Failure   Level  Hunger
z - Freeze                Ice            ##..         4%          1    #......


Dungeon Overview and Level Annotations

Branches:
Dungeon (1/15)

Altars:

Inventory:

Hand Weapons
 d - a +0 whip (weapon)
Scrolls
 c - 3 scrolls of recharging {unknown}
 e - 2 scrolls of identify {unknown}
Potions
 h - a potion of curing {unknown}
Books
 a - a book of Frost
Comestibles
 b - a bread ration
 f - 2 chunks of flesh
 g - a meat ration

.........#.##........⌠.
#..#.....#.#...........
.........#.#...⌠.......
####.....#.#...........
+.....+.##........⌠.
#.....#..##...⌠.....
+.###..†..###.......
#.###.#.#...#####...
+..@......#... ####
#.##l......... +
#.......... #..........
#?......... ...........
#########.


You could see a giant gecko.


Message History

You barely miss the goblin. You grab the goblin. You squeeze the goblin.
You kill the goblin!
Casting: Freeze
Aiming: Freeze That would be overly suicidal.
Okay, then.
Things that are here:
a dagger; a goblin corpse You butcher the goblin corpse.
f - 4 chunks of flesh (gained 1)
You see here a dagger.
Found 15 gold pieces.
You now have 60 gold pieces (gained 15).
Some of the chunks of flesh in your inventory have rotted away.
You open the door.
There is an open door here.
A kobold comes into view. It is wielding a dagger.
Found 10 gold pieces.
A kobold is nearby!
A kobold is nearby!
The kobold shouts!
You hit the kobold. You grab the kobold. You squeeze the kobold.
You kill the kobold!
You have reached level 2!
Unknown command.
You now have 70 gold pieces (gained 10).
Found 7 gold pieces.
A bat comes into view.
You see here 7 gold pieces.
A bat is nearby!
A bat is nearby!
You now have 77 gold pieces (gained 7).
The bat hits you.
You hit the bat. Your grab misses the bat. The bat hits you but does no damage.
The bat barely misses you.
Found a scroll labeled QEMMOL HESEACK.
No target in view!
No target in view!
A giant gecko comes into view.
The bat hits you. The bat hits you. x2
Casting: Freeze
Aiming: Freeze
Aim: a bat (severely wounded)
You freeze the bat.
You kill the bat!
A dart slug comes into view.
Casting: Freeze
Aiming: Freeze
Aim: a dart slug (clinging, resting)
You freeze the dart slug. The dart slug bites you.
Casting: Freeze
Aiming: Freeze
Aim: a dart slug (lightly wounded, clinging)
You freeze the dart slug. The giant gecko bites you. The dart slug misses you.
The giant gecko bites you.
* * * LOW HITPOINT WARNING * * *
Casting: Freeze
Aiming: Freeze
Aim: a dart slug (heavily wounded, clinging)
You freeze the dart slug.
You kill the dart slug!
The giant gecko bites you.
* * * LOW HITPOINT WARNING * * *
Casting: Freeze
Aiming: Freeze
Aim: a giant gecko (clinging)
You freeze the giant gecko.
The giant gecko seems to slow down.
The giant gecko bites you.
You die...

Action                   || total
-------------------------++-------
Melee: Whip              ||     6
 Cast: Freeze            ||     8
 Stab: Sleeping          ||     1

Vault maps used:
D:1:      dpeg_arrival_water_temple_mockup, minmay_rat_gold_closets

Notes
Turn   | Place    | Note
--------------------------------------------------------------
     0 | D:1      | Sixotanaka the Octopode Ice Elementalist began the quest for the Orb.
     0 | D:1      | Reached XP level 1. HP: 11/11 MP: 3/3
   309 | D:1      | Reached XP level 2. HP: 17/17 MP: 5/5
   335 | D:1      | HP: 3/17 [giant gecko (3)]
   336 | D:1      | Slain by a giant gecko

Vanquished Creatures
  2 dart slugs (D:1)
  A bat (D:1)
  A goblin (D:1)
  A giant newt (D:1)
  2 kobolds (D:1)
  A rat (D:1)
8 creatures vanquished.
